 Dungeon Crawl Stone Soup version 0.23.2-33-g5129a83184 (webtiles) character file.

Game seed: 17039004454412432875

102 microfolk the Sneak (level 4, -9/27 HPs)
             Began as an Octopode Ice Elementalist on July 9, 2019.
             Killed by divine providence
             ... invoked by an orc priest
              (15 damage)
             ... on level 3 of the Dungeon.
             The game lasted 00:09:45 (2764 turns).

microfolk the Sneak (Octopode Ice Elementalist)     Turns: 2764, Time: 00:09:46

Health: -9/27      AC:  5    Str:  4 (7)  XL:     4   Next: 78%
Magic:  1/7        EV: 19    Int: 15 (18) God:
Gold:   140        SH:  4    Dex: 16 (17) Spells: 4/7 levels left

rFire    . . .     SeeInvis .   a - +0 dagger
rCold    + . .     Gourm    .   l - +0 buckler
rNeg     . . .     Faith    .   (helmet restricted)
rPois    .         Spirit   .   (no amulet)
rElec    .         Reflect  .   (no ring)
rCorr    .         Harm     .   (no ring)
MR       .....                  (no ring)
Stlth    +++++.....             (no ring)
HPRegen  0.09/turn              (no ring)
MPRegen  0.10/turn              (no ring)
                                (no ring)
                                (no ring)

@: agile, lethally poisoned (-9 -> -15), flying
A: almost no armour, stealthy swim, amphibious, 8 rings, constrict 8, thin
metallic scales 1, yellow scales 1, camouflage 1, cold resistance 1, gelatinous
body 1
a: no special abilities


You were on level 3 of the Dungeon.
You were very hungry.

You visited 1 branch of the dungeon, and saw 3 of its levels.

You collected 140 gold pieces.

Inventory:

Hand Weapons
 a - a +0 dagger (weapon)
 i - a +2 dagger of flaming
Missiles
 c - 102 stones (quivered)
Armour
 l - a +0 buckler (worn)
Scrolls
 d - 4 scrolls of identify {unknown}
 e - a scroll of random uselessness {unknown}
 f - 2 scrolls of remove curse {unknown}
 g - a scroll of amnesia {unknown}
 m - a scroll of blinking
 o - a scroll of teleportation {unknown}
 p - a scroll of immolation {unknown}
 s - 3 scrolls of magic mapping {unknown}
 u - a scroll of fog {unknown}
 w - a scroll of fear {unknown}
Potions
 k - a potion of agility
 r - a potion of heal wounds {unknown}
 t - a potion of haste {unknown}
 v - a potion of berserk rage {unknown}
Comestibles
 b - 5 rations


   Skills:
 + Level 2.8 Dodging
 + Level 4.0 Stealth
 * Level 2.2 Shields
 - Level 2.0 Spellcasting
 - Level 1.0 Conjurations
 + Level 3.6 Ice Magic


You had 4 spell levels left.
You knew the following spells:

 Your Spells              Type           Power        Failure   Level  Hunger
a - Freeze                Ice            ##..         6%          1    #......
b - Throw Frost           Conj/Ice       #.....       16%         2    ###....

Your spell library contained the following spells:

 Spells                   Type           Power        Failure   Level  Hunger
 Ozocubu's Armour         Chrm/Ice       #.......     36%         3    ###....
 Throw Icicle             Conj/Ice       #.......     71%         4    #####..
 Summon Ice Beast         Ice/Summ       #.......     78%         4    #####..


Dungeon Overview and Level Annotations

Branches:
Dungeon (3/15)

Altars:
Ru

Annotations:
D:3 exclusion: orc priest


Innate Abilities, Weirdness & Mutations

You cannot wear most types of armour.
You are very stealthy in the water. (Stealth+)
You are amphibious.
You can wear up to eight rings at the same time.
You can use your tentacles to constrict eight enemies at once.
Your skin changes colour to match your surroundings (Stealth+).
Your rubbery body absorbs attacks. (AC +1, EV +1)
You are partially covered in thin metallic scales. (AC +2)
You are partially covered in yellow scales. (AC +2)
Your flesh is cold resistant. (rC+)


Message History

You feel sick.
It was a potion of degeneration.
There was something very wrong with that liquid.
You feel weakened.
You feel dopey.
You feel clumsy.
* * * LOW HITPOINT WARNING * * *
You feel sick.
It was a potion of mutation.
You feel extremely strange.
Yellow scales grow over part of your body.
Thin metallic scales grow over part of your body.
You feel resistant to cold.
An orc priest opens the door.
It was a potion of flight.
You feel very buoyant.
You fly up into the air.
* * * LOW HITPOINT WARNING * * *
You feel sick.
The orc priest invokes the aid of Beogh against you.
Beogh smites you!
Ouch! That really hurt!
You die...

############ #..........#
#..........#
################..........#######
..............o'@).....†.........
##....##.#######..........###....
.........# #..........# #.###
##....#..# #..........# #.#..
#....#..# #..........# #.#.#
#....#..# ############ #.#.#
#....#..# #.#.# ######..# #.#.#
#..# #######÷#.#


You could see an orc priest.

Vanquished Creatures
  An orc priest (D:3)
  2 adders (D:2)
  A gnoll (D:2)
  A dart slug (D:1)
  2 orcs (D:3)
  3 ball pythons
  2 giant cockroaches
  5 goblins
  3 hobgoblins
  2 jackals (D:2)
  A quokka (D:3)
  4 bats
  14 frilled lizards
  2 kobolds (D:3)
  8 rats
51 creatures vanquished.

Notes
Turn   | Place    | Note
-------+----------+-------------------------------------------
     0 | D:1      | microfolk the Octopode Ice Elementalist began the quest for
                  | the Orb.
     0 | D:1      | Reached XP level 1. HP: 11/11 MP: 3/3
   477 | D:1      | Reached skill level 3 in Stealth
   644 | D:1      | Reached XP level 2. HP: 17/17 MP: 1/5
   684 | D:1      | Learned a level 2 spell: Throw Frost
  1266 | D:2      | Reached skill level 1 in Shields
  1266 | D:2      | Reached XP level 3. HP: 21/21 MP: 4/6
  1976 | D:3      | Reached XP level 4. HP: 27/27 MP: 7/7
  2181 | D:3      | Found a sacrificial altar of Ru.
  2759 | D:3      | Reached skill level 4 in Stealth
  2763 | D:3      | Gained mutation: You are partially covered in yellow
                  | scales. (AC +2) [potion of mutation]
  2763 | D:3      | Gained mutation: You are partially covered in thin metallic
                  | scales. (AC +2) [potion of mutation]
  2763 | D:3      | Gained mutation: Your flesh is cold resistant. (rC+)
                  | [potion of mutation]
  2764 | D:3      | Killed from afar by an orc priest

Skill      XL: |  1  2  3  4 |
---------------+-------------+-----
Stealth        | 3 4 |  4.0
Shields        | 1 2 |  2.2
Dodging        | |  2.8
Spellcasting   | |  2.0
Conjurations   | |  1.0
Ice Magic      | |  3.6

Action                   |  1- 3 |  4- 6 || total
-------------------------+-------+-------++-------
Melee: Unarmed           |     5 |       ||     5
       Constrict         |     9 |     7 ||    16
       Tentacles         |     5 |     1 ||     6
       Dagger            |    26 |    20 ||    46
Throw: Stone             |    21 |     3 ||    24
 Cast: Freeze            |    21 |    12 ||    33
       Throw Frost       |     8 |     9 ||    17
  Use: Scroll            |     1 |       ||     1
       Potion            |       |     4 ||     4
 Stab: Sleeping          |     6 |     2 ||     8
  Eat: Chunk             |     4 |     2 ||     6
Armor: Skin              |     4 |       ||     4
Dodge: Dodged            |    24 |     6 ||    30
Block: Buckler           |     1 |     4 ||     5
